 Dungeon Crawl Stone Soup version 0.19-b1-4-gd8a0a2a (webtiles) character file.

84 vev the Sneak (level 4, -4/21 HPs)
             Began as a Spriggan Conjurer on Oct 30, 2016.
             Killed from afar by vev's ghost (21 damage)
             ... with a spray of energy
             ... on level 3 of the Dungeon.
             The game lasted 00:03:09 (3612 turns).

vev the Sneak (Spriggan Conjurer)                   Turns: 3612, Time: 00:03:10

Health: -4/21      AC:  2    Str:  4    XL:     4   Next: 24%
Magic:  6/11       EV: 20    Int: 17    God:
Gold:   154        SH:  0    Dex: 16    Spells: 1 memorised, 10 levels left

rFire  . . .     SeeInvis +     j - +0 dagger (protect)
rCold  . . .     Gourm    .     a - +0 robe
rNeg   . . .     Faith    .     (shield restricted)
rPois  .         Spirit   .     (helmet restricted)
rElec  .         Reflect  .     (no cloak)
rCorr  .         Harm     .     (gloves unavailable)
MR     .....                    (boots unavailable)
Stlth  +++.......               (no amulet)
                                (no ring)
                                (no ring)

@: very slightly contaminated, very quick
A: unfitting armour, see invisible, herbivore 3, speed 3, slow metabolism 2
a: no special abilities


You were on level 3 of the Dungeon.
You were not hungry.

You visited 1 branch of the dungeon, and saw 3 of its levels.

You collected 154 gold pieces.

Inventory:

Hand Weapons
 h - a +0 dagger
 j - a +0 dagger of protection (weapon)
Armour
 a - a +0 robe (worn)
Jewellery
 o - an uncursed amulet of magic regeneration {unknown}
Wands
 s - a wand of random effects (28/48)
Scrolls
 d - 3 scrolls of identify {unknown}
 e - a scroll of recharging {unknown}
 g - a scroll of enchant weapon {unknown}
 i - 4 scrolls of remove curse {unknown}
 k - a scroll of fear {unknown}
 l - a scroll of immolation {unknown}
 m - 2 scrolls of amnesia {unknown}
 q - a scroll of random uselessness {unknown}
 r - a scroll of magic mapping {unknown}
Potions
 f - a potion of heal wounds {unknown}
 n - a potion of curing {unknown}
 p - 2 potions of might {unknown}
Books
 b - a book of Conjurations

   Spells                             Type                      Level
   a - Magic Dart                     Conjuration                  1
   b - Searing Ray                    Conjuration                  2
   c - Dazzling Spray                 Conjuration/Hexes            3
   d - Fulminant Prism                Conjuration/Hexes            4
   e - Iskenderun's Mystic Blast      Conjuration                  4
   f - Iskenderun's Battlesphere      Conjuration/Charms           5
Comestibles
 c - 3 bread rations


   Skills:
 + Level 4.4 Dodging
 + Level 4.6 Stealth
 + Level 4.0 Spellcasting
 - Level 2.9 Conjurations


You had 10 spell levels left.
You knew the following spells:

 Your Spells              Type           Power        Failure   Level  Hunger
a - Magic Dart            Conj           ##..         6%          1    None


Dungeon Overview and Level Annotations

Branches:
Dungeon (3/15)

Altars:
Ashenzari
Cheibriados
Dithmenos
Elyvilon
Fedhas
Okawaru
Uskayaw

Annotations:
D:3 vev's ghost, amateur SpCj


Innate Abilities, Weirdness & Mutations

You are very small and have problems with some larger weapons.
You are too small for most types of armour.
You have supernaturally acute eyesight. (SInv)
You are a herbivore.
You cover ground extremely quickly.
You need consume almost no food.


Message History

Aim: a kobold (severely wounded)
The magic dart hits the kobold.
You kill the kobold!
Casting: Magic Dart
Confirm with . or Enter, or press ? or * to list all spells.
You can't see any susceptible monsters within range! (Use Z to cast anyway.)
Casting: Magic Dart
Confirm with . or Enter, or press ? or * to list all spells.
You can't see any susceptible monsters within range! (Use Z to cast anyway.)
You see here a kobold corpse.
Vev's ghost (amateur Spriggan Conjurer) comes into view.
Vev's ghost turns its malevolent gaze towards you.
Vev's ghost gestures at you while chanting.
The magic dart hits you!
You see here a kobold corpse.
You see here a scale mail.
Vev's ghost points at you and mumbles some strange words.
The spray of energy hits you!
Ouch! That really hurt!
You die...

##### ########...##
#...........#####
#.#####.......... ###########.#
##.........
#......W....####........#####
#[#########.@...............#
#†########........).....##...
#####.#.........####........##..#
....W.#.#######.# #.............
.##.### #.# #.#......>...# #W#
#.# #.#.....####.# #.#
#######.####.#...#.####.#
#.$.W.............(....#.......
#####.########....#.....#####..


You could see vev's ghost.

Vanquished Creatures
  3 adders (D:2)
  An ooze (D:1)
  A worm (D:2)
  A dart slug (D:2)
  3 leopard geckos (D:2)
  2 orcs (D:3)
  3 giant cockroaches
  5 goblins
  4 hobgoblins
  8 kobolds
  4 bats
  3 frilled lizards
  7 rats
45 creatures vanquished.

Notes
Turn   | Place    | Note
-------+----------+-------------------------------------------
     0 | D:1      | vev the Spriggan Conjurer began the quest for the Orb.
     0 | D:1      | Reached XP level 1. HP: 9/9 MP: 5/5
    92 | D:1      | Reached skill level 3 in Spellcasting
   363 | D:1      | Reached XP level 2. HP: 13/13 MP: 0/7
   425 | D:1      | Found a shattered altar of Ashenzari.
   459 | D:1      | HP: 1/13 [goblin/dagger of protection (6)]
  1495 | D:2      | Reached XP level 3. HP: 16/16 MP: 2/8
  1788 | D:2      | Found a snail-covered altar of Cheibriados.
  1858 | D:2      | Reached skill level 4 in Dodging
  2384 | D:2      | Found a hide-covered altar of Uskayaw.
  2387 | D:2      | Found a blossoming altar of Fedhas.
  2389 | D:2      | Found a shadowy altar of Dithmenos.
  2872 | D:2      | Reached skill level 4 in Stealth
  3152 | D:2      | Reached XP level 4. HP: 21/21 MP: 2/10
  3403 | D:3      | Found a white marble altar of Elyvilon.
  3428 | D:3      | Reached skill level 4 in Spellcasting
  3465 | D:3      | Found an iron altar of Okawaru.
  3595 | D:3      | Noticed vev's ghost (amateur SpCj)
  3612 | D:3      | Killed from afar by vev's ghost

Skill      XL: |  1  2  3  4 |
---------------+-------------+-----
Spellcasting   | 3 4 |  4.0
Dodging        | 4 |  4.4
Stealth        | 4 |  4.6
Conjurations   | |  2.9

Action                   |  1- 3 |  4- 6 || total
-------------------------+-------+-------++-------
Melee: Unarmed           |    17 |       ||    17
       Dagger            |    54 |     9 ||    63
 Cast: Magic Dart        |    89 |    16 ||   105
 Stab: Sleeping          |     3 |     1 ||     4
Armor: Robe              |    14 |     2 ||    16
Dodge: Dodged            |    45 |     9 ||    54
